 Dungeon Crawl Stone Soup version 0.29-a0-317-gd16b76e6b1 (webtiles) character file.

Game seed: 14497627845669010340

2 Murumi the Skirmisher (level 1, 0/18 HPs)
             Began as a Formicid Abyssal Knight on Apr 1, 2022.
             Was a Believer of Lugonu.
             Slain by a rat (2 damage)
             ... on level 1 of the Dungeon.
             The game lasted 00:00:37 (195 turns).

Murumi the Skirmisher (Formicid Abyssal Knight)      Turns: 195, Time: 00:00:38

Health: 0/18       AC:  3    Str: 17    XL:     1   Next: 33%
Magic:  2/2        EV: 11    Int:  9    God:    Lugonu [**....]
Gold:   7          SH:  0    Dex: 11    Spells: 0/0 levels left

rFire   . . .      SeeInvis +   a - +1 mace
rCold   . . .      Faith    .   (no shield)
rNeg    . . .      Spirit   .   b - +0 leather armour
rPois   .          Reflect  .   (helmet unavailable)
rElec   .          Harm     .   (no cloak)
rCorr   .          Rampage  .   (no gloves)
Will    .....                   (no boots)
Stlth   +.........              (no amulet)
HPRegen 0.06/turn               (no ring)
MPRegen 0.08/turn               (no ring)

@: no status effects
A: permanent stasis, dig shafts and tunnels, antennae 3, four strong arms
a: Dig, Shaft Self, Renounce Religion, Depart the Abyss, Bend Space


You were on level 1 of the Dungeon.
You worshipped Lugonu.
Lugonu was pleased with you.
You visited 1 branch of the dungeon, and saw 1 of its levels.
You visited the Abyss 1 time.

You collected 7 gold pieces.

Inventory:

Hand Weapons
 a - a +1 mace (weapon)
Armour
 b - a +0 leather armour (worn)
Potions
 c - a potion of curing {unknown}
 d - a potion of heal wounds


   Skills:
 + Level 3.4 Fighting
 - Level 2.0 Maces & Flails
 - Level 2.1 Armour
 - Level 1.0 Dodging
 - Level 2.1 Invocations


You couldn't memorise any spells.
You didn't know any spells.
Your spell library was empty.

Dungeon Overview and Level Annotations

Branches:
Dungeon (1/15)

Altars:


Innate Abilities, Weirdness & Mutations

You cannot be hasted, slowed, berserked, paralysed or teleported.
You can dig through walls and to a lower floor.
You have a pair of large antennae on your head. (SInv)
Your four strong arms can wield two-handed weapons with a shield.


Message History

c - a blue potion A kobold comes into view.
It is wielding a +0 short sword.
Found a dagger.
The kobold shouts!
Found 4 gold pieces.
The kobold hits you with a +0 short sword.
You hit the kobold.
The kobold is moderately wounded.
The kobold barely misses you.
A rat comes into view.
You hit the kobold.
The kobold is heavily wounded.
The kobold hits you with a +0 short sword.
The kobold completely misses you.
You barely miss the kobold. Your punch misses the kobold.
The kobold is heavily wounded.
The kobold hits you with a +0 short sword.
You hit the kobold.
The kobold is severely wounded.
The kobold hits you with a +0 short sword.
You are too injured to fight recklessly!
The kobold attacks as you move away! The kobold completely misses you.
The kobold attacks as you move away!
The kobold hits you with a +0 short sword.
* * * LOW HITPOINT WARNING * * *
You are too injured to fight recklessly!
You hit the kobold.
You kill the kobold!
Lugonu accepts your kill.
The rat twitches its whiskers.
You closely miss the rat. The rat bites you but does no damage.
The rat bites you.
* * * LOW HITPOINT WARNING * * *
You closely miss the rat. The rat barely misses you.
You barely miss the rat. The rat barely misses you.
You completely miss the rat. The rat bites you but does no damage.
The rat closely misses you.
You closely miss the rat. The rat barely misses you.
You closely miss the rat. The rat bites you.
You die...

#...... ###.....#
###.......#####
.......).......
#.......### ###...###..
####...###.# ........r.#.#
......>##@#.#
..P.P♣P...P##.#.#######
.........PP..........#
#♣♣PP....♣PP.P.#.#####.###
....P.....♣...P#.# ....#
......P.P...P....###.....#
♣...P.....P.......).......
♣PP..........P.#####.....#
♣.P...<...P...# ....#


You could see a rat.

Vanquished Creatures
  2 kobolds (D:1)
2 creatures vanquished.

Notes
Turn   | Place    | Note
-------+----------+-------------------------------------------
     0 | Abyss:1  | Murumi the Formicid Abyssal Knight began the quest for the
                  | Orb.
     0 | Abyss:1  | Reached XP level 1. HP: 18/18 MP: 2/2
    15 | Abyss:1  | Found a corrupted altar of Lugonu.
    28 | D:1      | Escaped the Abyss
    61 | D:1      | Reached skill level 1 in Dodging
   195 | D:1      | Slain by a rat

Illustrated notes

Levels and vault maps discovered:
D:1:      wander_arrival_fairy_ring, layout_loops_ring, serial_shops,
          nicolae_shop_statue_plus, nicolae_shop_hallway_plus,
          dreamdust_princess_bridge

Skill      XL: |  1 |
---------------+----+-----
Dodging        | 1 |  1.0
Fighting       | |  3.4
Maces & Flails | |  2.0
Armour         | |  2.1
Invocations    | |  2.1

Action                   || total
-------------------------++-------
Melee: Mace              ||    19
  Use: Scroll            ||     1
Armor: Leather armour    ||     7
Dodge: Dodged            ||    10

Table legend: (Time is in decaauts)
 A = Elapsed time spent in this place.
 B = Non-inter-level travel time spent in this place.
 C = Inter-level travel time spent in this place.
 D = Time resting spent in this place.
 E = Time spent auto-exploring this place.
 F = Levels seen in this place.
 G = Mean time per level.
                   A        B        C        D        E       F      G
               +--------+--------+--------+--------+--------+-----+--------+
         Total |    200 |    200 |      0 |      0 |    145 |   2 |  100.0 |
       Dungeon |    172 |    172 |      0 |      0 |    128 |   1 |  172.0 |
         Abyss |     28 |     28 |      0 |      0 |     17 |   1 |   28.0 |
               +--------+--------+--------+--------+--------+-----+--------+

Top non-repeatable levels by time:
     D:1: 172 daAuts
 Abyss:1: 28 daAuts
